 Dungeon Crawl Stone Soup version 0.20.1-1-g8b1a95d (webtiles) character file.

56 gobwax the Firebug (level 3, -2/21 HPs)
             Began as an Octopode Fire Elementalist on Aug 24, 2017.
             Slain by Terence
             ... wielding a +0 flail
              (15 damage)
             ... on level 2 of the Dungeon.
             The game lasted 00:04:21 (1431 turns).

gobwax the Firebug (Octopode Fire Elementalist)     Turns: 1431, Time: 00:04:21

Health: -2/21      AC:  1    Str:  7    XL:     3   Next: 97%
Magic:  5/6        EV: 13    Int: 18    God:
Gold:   115        SH:  0    Dex: 12    Spells: 5/6 levels left

rFire    . . .     SeeInvis .   (no weapon)
rCold    . . .     Gourm    .   (no shield)
rNeg     . . .     Faith    .   (helmet restricted)
rPois    .         Spirit   .   (no amulet)
rElec    .         Reflect  .   h - ring of resist corrosion
rCorr    +         Harm     .   (no ring)
MR       .....                  (no ring)
Stlth    +++.......             (no ring)
Regen    0.1/turn               (no ring)
MPRegen  0.1/turn               (no ring)
                                (no ring)
                                (no ring)

@: about to teleport
A: almost no armour, stealthy swim, amphibious, 8 rings, constrict 8, camouflage
1, gelatinous body 1
a: no special abilities


You were on level 2 of the Dungeon.
You were not hungry.

You visited 1 branch of the dungeon, and saw 3 of its levels.

You collected 115 gold pieces.

Inventory:

Jewellery
 h - a ring of resist corrosion (left tentacle)
 p - a +2 ring of dexterity {unknown}
Scrolls
 f - 3 scrolls of remove curse
 i - 3 scrolls of identify
 n - a scroll of fog {unknown}
 o - a scroll of noise {unknown}
 q - a scroll of amnesia {unknown}
Potions
 d - a potion of curing {unknown}
 e - a potion of brilliance {unknown}
 j - a potion of mutation {unknown}
 k - 2 potions of haste {unknown}
 l - a potion of berserk rage
 m - a potion of heal wounds {unknown}
Books
 a - a book of Flames

   Spells                             Type                      Level
   a - Flame Tongue                   Conjuration/Fire             1
   b - Throw Flame                    Conjuration/Fire             2
   c - Conjure Flame                  Conjuration/Fire             3
   d - Inner Flame                    Hexes/Fire                   3
   e - Sticky Flame                   Conjuration/Fire             4
   f - Fireball                       Conjuration/Fire             5
Comestibles
 b - 3 bread rations
 c - a royal jelly
 r - a chunk of flesh


   Skills:
 - Level 2.0 Dodging
 - Level 2.6 Stealth
 + Level 2.4 Spellcasting
 + Level 1.2 Conjurations
 + Level 4.3 Fire Magic


You had 5 spell levels left.
You knew the following spells:

 Your Spells              Type           Power        Failure   Level  Hunger
a - Flame Tongue          Conj/Fire      ##...        5%          1    #......


Dungeon Overview and Level Annotations

Branches:
Dungeon (3/15)

Altars:
Elyvilon

Annotations:
D:2 Terence


Innate Abilities, Weirdness & Mutations

You cannot wear most types of armour.
You are very stealthy in the water. (Stealth+)
You are amphibious.
You can wear up to eight rings at the same time.
You can use your tentacles to constrict eight enemies at once.
Your skin changes colour to match your surroundings (Stealth+).
Your rubbery body absorbs attacks. (AC +1, EV +1)


Message History

The flame tongue hits Terence.
Terence is moderately wounded.
Terence hits you but does no damage.
You climb upwards.
There is a stone staircase leading down here.
Terence hits you but does no damage.
Terence rages.
Terence hits you with a flail.
As you read the scroll labeled GAMI OPPOBEN, it crumbles to dust.
You feel blessed for a moment.
It was a scroll of remove curse.
Terence hits you with a flail.
As you read the scroll labeled POCEUSMA VEGG, it crumbles to dust.
It is a scroll of identify.
g - a scroll of teleportation Terence closely misses you.
As you read the scroll of teleportation, it crumbles to dust.
You feel strangely unstable. Terence misses you. Terence hits you with a flail!
Ouch! That really hurt!
You die...

#.#........###...##.....########.
..##.............##.#..## #####.
.###...................# #...#.
.# #..........#..#.....# #...#.
.###........#......##.## #.)รท#.
..##.........#........# ###.....
..##..................# #......#
..###..###......#.....####.#...##
..###..###..###.@..........#...#
..#....#....####@.##.#.#####...#
..#..##..##..#....##..###......##
........###....#..###.###.####..#
.............###>###.........##..
....########.......#.........###.
.....## ####...#.#.........# #.
...#..#####.............##..## ##
..###.##......#####..######..## #


You could see Terence (berserk).

Vanquished Creatures
  2 adders (D:2)
  A worm (D:2)
  8 bats
  3 giant cockroaches (D:1)
  5 goblins
  2 hobgoblins (D:1)
  5 kobolds
  A quokka (D:2)
  2 frilled lizards (D:2)
  7 rats
36 creatures vanquished.

Notes
Turn   | Place    | Note
-------+----------+-------------------------------------------
     0 | D:1      | gobwax the Octopode Fire Elementalist began the quest for the Orb.
     0 | D:1      | Reached XP level 1. HP: 11/11 MP: 3/3
   128 | D:1      | Reached XP level 2. HP: 17/17 MP: 0/5
   820 | D:2      | Reached XP level 3. HP: 18/21 MP: 0/6
   878 | D:2      | Reached skill level 4 in Fire Magic
  1218 | D:2      | Found a white marble altar of Elyvilon.
  1416 | D:3      | Noticed Terence
  1431 | D:2      | Slain by Terence

Skill      XL: |  1  2  3 |
---------------+----------+-----
Fire Magic     | 4 |  4.3
Dodging        | |  2.0
Stealth        | |  2.6
Spellcasting   | |  2.4
Conjurations   | |  1.2

Action                   || total
-------------------------++-------
Melee: Unarmed           ||    68
       Constrict         ||    21
       Tentacles         ||     8
 Cast: Flame Tongue      ||    25
  Use: Scroll            ||     3
 Stab: Sleeping          ||     7
  Eat: Chunk             ||     2
Armor: Skin              ||    14
Dodge: Dodged            ||    62
